 Dungeon Crawl Stone Soup version 0.31-a0-672-g7da72447bb (webtiles) character file.

Game seed: 11274987490027617251

1812442 ragingrage the Unseen (level 27, 144/144 HPs)
             Began as a Vine Stalker Brigand on Sept 5, 2023.
             Was a Follower of Uskayaw.
             Escaped with the Orb
             ... and 3 runes!
             The game lasted 01:32:38 (59327 turns).

ragingrage the Unseen (Vine Stalker Brigand)       Turns: 59327, Time: 01:32:39

Health: 144/144    AC: 34    Str:  7    XL:     27
Magic:  37/37      EV: 24    Int: 15    God:    Uskayaw [*.....]
Gold:   5383       SH: 21    Dex: 44    Spells: 21/26 levels left

rFire   + . .        c - +2 Maxwell's thermic engine {flame, freeze, rev}
rCold   + . .        Z - +0 kite shield {reflect}
rNeg    + + .        N - +8 scale mail of Irad {rN++ Str-2}
rPois   +            s - +2 helmet {SInv}
rElec   .            x - +2 cloak
rCorr   +            q - +0 pair of fencer's gloves {Riposte Dex+3}
SInv    +            F - +2 pair of boots
Will    +++++        z - amulet "Ryenutell" {Faith *Corrode Will+ Dex+7}
Stlth   +++          y - ring of Xom's Amusement {rPois rCorr AC+4 Stlth-}
HPRegen 1.24/turn    H - ring of Propriety {rF+ rC+ Dex+5}
MPRegen 0.25/turn

%: corrode self (3%), reflection, guardian spirit, faith
@: studying Polearms
A: fangs 3, regeneration 1, magic shield, antimagic bite, no potion heal 2,
clever 1, strong-willed 1, screaming 1, weak 2, subdued magic 1
0: Orb of Zot
}: 3/15 runes: barnacled, abyssal, gossamer
a: Renounce Religion, Stomp


You escaped.
You worshipped Uskayaw.
Uskayaw was most pleased with you.
You visited 11 branches of the dungeon, and saw 50 of its levels.
You visited the Abyss 2 times.
You also visited: Ice Cave, Volcano and Wizlab.

You collected 7119 gold pieces.
You spent 1736 gold pieces at shops.

Inventory:

Hand Weapons
 a - the +9 dagger of the Magi {venom, rElec rN+ Dex+3}
   (You found it on level 3 of the Dungeon)

   Dex+3:     It affects your dexterity (+3).
   rElec:     It insulates you from electricity.
   rN+:       It protects you from negative energy.
 b - a +9 demon blade of draining
 c - the +2 Maxwell's thermic engine (weapon) {flame, freeze, rev}
   (You found it on level 1 of the Elven Halls)
Missiles
 d - 24 silver javelins (quivered)
 e - 16 curare-tipped darts
 l - 6 throwing nets
 t - 7 datura-tipped darts
Armour
 q - the +0 pair of fencer's gloves (worn) {Riposte Dex+3}
   (You bought it in a shop on level 2 of the Orcish Mines)

   Riposte:   It allows the wearer to riposte with melee weapons, swiftly
   retaliating against missed or blocked melee attacks.
   Dex+3:     It affects your dexterity (+3).
 s - a +2 helmet of see invisible (worn)
 x - a +2 cloak (worn)
 F - a +2 pair of boots (worn)
 N - the +8 scale mail of Irad (worn) {rN++ Str-2}
   (You found it on level 3 of the Elven Halls)

   Str-2:     It affects your strength (-2).
   rN++:      It greatly protects you from negative energy.
 Z - a +0 kite shield of reflection (worn)
Jewellery
 v - the ring of Ceut {rElec rC+ rN+ Str-2 Dex+3}
   (You found it on level 3 of the Lair of Beasts)

   [ring of protection from cold]

   Str-2:     It affects your strength (-2).
   Dex+3:     It affects your dexterity (+3).
   rC+:       It protects you from cold.
   rElec:     It insulates you from electricity.
   rN+:       It protects you from negative energy.
 y - the ring of Xom's Amusement (left hand) {rPois rCorr AC+4 Stlth-}
   (You found it on level 5 of the Lair of Beasts)

   [ring of protection]

   AC+4:      It affects your AC (+4).
   rPois:     It protects you from poison rCorr: It protects you from acid and
   corrosion.
   Stlth-:    It makes you less stealthy.
 z - the amulet "Ryenutell" (around neck) {Faith *Corrode Will+ Dex+7}
   (You took it off a deep elf pyromancer on level 3 of the Elven Halls)

   [amulet of faith]

   Faith:     It allows you to gain divine favour quickly.
   Dex+7:     It affects your dexterity (+7).
   Will+:     It increases your willpower.
   *Corrode:  It may corrode you when you take damage.
 H - the ring of Propriety (right hand) {rF+ rC+ Dex+5}
   (You took it off a vampire mage on level 3 of the Crypt)

   [ring of protection from cold]

   Dex+5:     It affects your dexterity (+5).
   rF+:       It protects you from fire.
   rC+:       It protects you from cold.
 W - a +4 ring of protection
Wands
 D - a wand of roots (70)
 J - a wand of acid (20)
 L - a wand of flame (106)
 Q - a wand of digging (23)
 R - a wand of paralysis (45)
 U - a wand of mindburst (43)
Scrolls
 f - 9 scrolls of butterflies
 h - 7 scrolls of blinking
 j - 2 scrolls of revelation
 n - 3 scrolls of noise
 r - 4 scrolls of silence
 A - 5 scrolls of poison
 B - 9 scrolls of fear
 C - 16 scrolls of teleportation
 E - 10 scrolls of immolation
 T - 4 scrolls of fog
Potions
 g - 28 potions of curing
 i - 11 potions of mutation
 k - 7 potions of invisibility
 o - 8 potions of might
 p - 16 potions of haste
 w - 9 potions of enlightenment
 G - 3 potions of cancellation
 K - 5 potions of resistance
 M - 4 potions of berserk rage
 O - 4 potions of magic
 P - 13 potions of lignification
 V - 5 potions of attraction
 X - 15 potions of ambrosia
Miscellaneous
 m - a phantom mirror (inert)
 u - a phial of floods
 I - a lightning rod (4/4)
 S - a tin of tremorstones (2/2)
 Y - a sack of spiders


   Skills:
 - Level 15.0 Fighting
 - Level 10.0(13.6) Short Blades
 - Level 14.8(16.0) Long Blades
 + Level 14.0 Throwing
 - Level 13.2 Armour
 - Level 20.0 Dodging
 - Level 20.7 Stealth
 - Level 18.0 Shields
 - Level 18.0 Invocations
 - Level 14.0 Evocations


You had 21 spell levels left.
You knew the following spells:

 Your Spells              Type           Power      Damage    Failure   Level
a - Manifold Assault      Tloc           0%         N/A       100%        4
b - Apportation           Tloc           0%         N/A       97%         1

Your spell library contained the following spells:

 Spells                   Type           Power      Damage    Failure   Level
 Foxfire                  Conj/Fire      0%         2x1d4     97%         1
 Freeze                   Ice            0%         1d3       97%         1
 Magic Dart               Conj           0%         1d3       97%         1
 Necrotise                Necr           0%         1d4       97%         1
 Shock                    Conj/Air       0%         1d3       97%         1
 Slow                     Hex            0%         N/A       97%         1
 Sting                    Tmut/Pois      0%         1d3       97%         1
 Call Imp                 Summ           0%         N/A       99%         2
 Cigotuvi's Dreadful Rot  Necr/Pois/Air  0%         N/A       99%         2
 Ensorcelled Hibernation  Hex/Ice        0%         N/A       99%         2
 Lesser Beckoning         Tloc           0%         N/A       99%         2
 Poisonous Vapours        Pois/Air       0%         N/A       99%         2
 Searing Ray              Conj           0%         2d4       99%         2
 Call Canine Familiar     Summ           0%         N/A       100%        3
 Dazzling Flash           Conj/Hex       0%         N/A       100%        3
 Frozen Ramparts          Ice            0%         1d1       100%        3
 Gell's Gravitas          Tloc           0%         N/A       100%        3
 Hailstorm                Conj/Ice       0%         3d3       100%        3
 Ignite Poison            Fire/Tmut/Pois 0%         N/A       100%        3
 Mephitic Cloud           Conj/Pois/Air  0%         N/A       100%        3
 Ozocubu's Armour         Ice            0%         N/A       100%        3
 Stone Arrow              Conj/Erth      0%         3d7       100%        3
 Swiftness                Air            0%         N/A       100%        3
 Teleport Other           Tloc           0%         N/A       100%        3
 Tukima's Dance           Hex            0%         N/A       100%        3
 Vampiric Draining        Necr           0%         2d6       100%        3
 Volatile Blastmotes      Fire/Tloc      0%         2d10      100%        3
 Airstrike                Air            0%         2d(0-16)  100%        4
 Anguish                  Hex/Necr       0%         N/A       100%        4
 Animate Armour           Summ/Erth      0%         N/A       100%        4
 Animate Dead             Necr           0%         N/A       100%        4
 Cause Fear               Hex            0%         N/A       100%        4
 Dispel Undead            Necr           0%         3d6       100%        4
 Fulminant Prism          Conj/Hex       0%         3d5       100%        4
 Iskenderun's Mystic Bla  Conj/Tloc      0%         2d3       100%        4
 Olgreb's Toxic Radiance  Pois           0%         N/A       100%        4
 Passage of Golubria      Tloc           0%         N/A       100%        4
 Petrify                  Tmut/Erth      0%         N/A       100%        4
 Summon Ice Beast         Ice/Summ       0%         N/A       100%        4
 Summon Lightning Spire   Summ/Air       0%         N/A       100%        4
 Vhi's Electric Charge    Tloc/Air       0%         N/A       100%        4
 Agony                    Necr           0%         N/A       100%        5
 Alistair's Intoxication  Tmut/Pois      0%         N/A       100%        5
 Arcjolt                  Conj/Air       0%         1d10      100%        5
 Borgnjor's Vile Clutch   Necr/Erth      0%         N/A       100%        5
 Fireball                 Conj/Fire      0%         3d3       100%        5
 Freezing Cloud           Conj/Ice/Air   0%         6-21      100%        5
 Irradiate                Conj/Tmut      0%         3d11      100%        5
 Iskenderun's Battlesphe  Conj           0%         2d6       100%        5
 Lee's Rapid Deconstruct  Erth           0%         3d4*      100%        5
 Metabolic Englaciation   Hex/Ice        0%         N/A       100%        5
 Yara's Violent Unravell  Hex/Tmut       0%         3d3       100%        5
 Death Channel            Necr           0%         N/A       100%        6
 Dispersal                Tloc           0%         N/A       100%        6
 Eringya's Noxious Bog    Tmut/Pois      0%         4d6       100%        6
 Leda's Unmaking          Conj/Erth      0%         9d1       100%        6
 Plasma Beam              Fire/Air       0%         2x1d10    100%        6
 Simulacrum               Ice/Necr       0%         N/A       100%        6
 Starburst                Conj/Fire      0%         6d3       100%        6
 Malign Gateway           Summ/Tloc      0%         N/A       100%        7
 Ozocubu's Refrigeration  Ice            0%         4d7       100%        7
 Spellforged Servitor     Conj/Summ      0%         N/A       100%        7
 Discord                  Hex            0%         N/A       100%        8
 Disjunction              Tloc           0%         N/A       100%        8
 Ignition                 Fire           0%         3d3       100%        8
 Summon Horrible Things   Summ           0%         N/A       100%        8
 Chain Lightning          Conj/Air       0%         N/A       100%        9
 Dragon's Call            Summ           0%         N/A       100%        9
 Polar Vortex             Ice            0%         N/A       100%        9


Dungeon Overview and Level Annotations

Branches:
Dungeon (15/15)            Temple (1/1) D:7            Lair (5/5) D:10
 Shoals (4/4) Lair:3       Spider (4/4) Lair:2        Slime (0/5) Lair:5
    Orc (2/2) D:11            Elf (3/3) Orc:2        Vaults (4/5) D:13
  Crypt (3/3) Vaults:2       Tomb (0/3) Crypt:3      Depths (4/4) D:15
    Zot (5/5) Depths:4      IceCv (visited)         Volcano (visited)
 WizLab (visited)

Altars:
Ashenzari
Cheibriados
Dithmenos
Elyvilon
Fedhas
Gozag
Hepliaklqana
Kikubaaqudgha
Makhleb
Nemelex Xobeh
Okawaru
Qazlal
Ru
Sif Muna
Trog
Uskayaw
Vehumet
Wu Jian
Xom
Yredelemnul
Zin
The Shining One
Jiyva

Shops:
D:13 !   Orc:2 [(=!   Elf:1 :   Elf:2 :   Depths:1 ::=

Portals:
Hell: Lair:5 Depths:1 Depths:2 Depths:3 Depths:4
Abyss: Depths:3 Depths:4
Pandemonium: Depths:1 Depths:2 Depths:4
Ziggurat: Depths:3

Annotations:
D:7 3 runed translucent doors, pokeman's ghost, novice DEHW
D:14 Roxanne
Lair:4 exclusions: death yak and 1 more exclusion, Rupert
Elf:2 2 runed translucent doors


Innate Abilities, Weirdness & Mutations

You have razor-sharp teeth.
Your natural rate of healing is unusually fast.
When hurt, damage is shared between your health and your magic reserves.
Your bite disrupts and absorbs the magic of your enemies.
Potions cannot restore your health.
Your mind is acute. (Int +4, Str/Dex -1)
You are strong-willed. (Will+)
You occasionally shout uncontrollably at your foes.
You are very weak. (Str -4)
Your spells are a little easier to cast, but a little less powerful.


Message History

(N) Spider Nest (M) Slime Pits (O) Orcish Mines (E) Elven Halls (V) Vaults (C) Crypt (W) Tomb (U) Depths (H) Hell (Z) Zot
Where to? (Tab/Enter - D:1 @ (x,y), ? - help)
There is a stone staircase leading up here.
You climb upwards.
There is a stone staircase leading down here.
You open the door.
There is an open door here.
There is a stone staircase leading up here.
You climb upwards.
There is a stone staircase leading down here.
There is a stone staircase leading up here.
You climb upwards.
There is a stone staircase leading down here.
There is a stone staircase leading up here.
You climb upwards.
There is a stone staircase leading down here.
There is a stone staircase leading up here.
You climb upwards.
There is a stone staircase leading down here.
You see here a +0 whip.
You see here a +0 sling.
A smoke demon comes into view.
You block the smoke demon's attack. x3
You slice the smoke demon!! You freeze the smoke demon.
You kill the smoke demon!
Your Throwing skill increases to level 14!
No target in view!
No target in view!
No target in view!
(D) Dungeon (T) Temple (L) Lair (A) Shoals (N) Spider Nest (M) Slime Pits (O) Orcish Mines (E) Elven Halls (V) Vaults (C) Crypt (W) Tomb (U) Depths (H) Hell (Z) Zot
Where to? (Tab/Enter - D:1 @ (x,y), ? - help)
There is a dry fountain here.
There is a dry fountain here.
There is a staircase leading out of the dungeon here.
You have escaped!

..####......⌠.......⌠......#
..# ##...................##
..# ###..⌠...⌠...⌠...⌠..##
..####.##.(.............##
.......###.⌠....⌠....⌠.###
.......# ##...........##.#
..####### ##..⌠..(⌠..###.#
.#......# ###.......####.#
#..####.# #.##..@..##.##.#
##.# #.# #.###.>.##.....#
#.# #.# #.# #######.#### #.#
#.# #.# #.# #.# #.# #.# #.#
##.####.###.# #.#
............#########.#
##.####.##............#
#..........#.#########


There were no monsters in sight!

Vanquished Creatures
  4 dread liches (Zot:5)
  2 ancient liches (Zot:5)
  Mara (Spider:3)
  2 orbs of fire (Zot:5)
  2 juggernauts
  Sojobo (Crypt:1)
  Boris (thrice) (Depths:3 Depths:4 Crypt:2)
  Bai Suzhen (Shoals:3)
  6 Killer Klowns
  Saint Roka (Elf:3)
  2 curse toes
  3 golden dragons
  A profane servitor (Crypt:2)
  the Enchantress (Depths:2)
  Jory (Crypt:3)
  A pearl dragon (Depths:1)
  Norris (Depths:3)
  A bone dragon (Abyss:3)
  7 electric golems
  2 doom hounds (Crypt:1)
  2 hellephants (Depths:2)
  12 tentacled monstrosities
  4 liches
  26 Orb Guardians
  A deep elf blademaster (Elf:3)
  Asterion (Depths:2)
  Grunn (Crypt:1)
  2 deep elf master archers (Elf:3)
  6 quicksilver dragons
  An Executioner (Abyss:3)
  3 sphinxes
  10 death cobs
  Aizul (Elf:1)
  6 tengu reavers
  4 ancient champions
  Kirke (Shoals:1)
  7 shadow dragons
  The ghost of Onluw the Peltast, an adept DsWn of Cheibriados (Shoals:1)
  2 krakens
  9 tentacled starspawn
  5 revenants
  Donald (Orc:2)
  The ghost of Godd the Metamorph, an adept MfSh of Trog (Shoals:1)
  The ghost of Godd the Metamorph, an adept MfSh of Trog (Shoals:1)
  The ghost of Unonal the Cloud Mage, an adept TeAE of Vehumet (Shoals:1)
  8 deep elf sorcerers
  12 storm dragons
  4 frost giants
  6 draconian monks
  6 emperor scorpions
  3 fire giants
  7 draconian knights
  A balrug (Depths:1)
  Louise (Spider:4)
  8 vault wardens
  5 draconian scorchers
  8 ghouls
  An angel (Shoals:4)
  9 draconian stormcallers
  6 ghost moths
  2 curse skulls
  2 deep elf elementalists (Elf:3)
  8 draconian shifters
  7 draconian annihilators
  A cacodemon (Abyss:3)
  4 very ugly things (Depths:4)
  A demonspawn corrupter (D:6)
  2 orc warlords (Vaults:1)
  An ophan (Depths:1)
  3 spriggan defenders (Depths:2)
  22 ironbound preservers
  A war gargoyle (Vaults:2)
  A reaper (Crypt:3)
  6 stone giants
  11 vampire knights
  4 broodmothers
  6 deep elf demonologists (Elf:3)
  2 formless jellyfish
  An apis (Depths:1)
  3 ironbound thunderhulks
  12 deep elf annihilators
  13 dire elephants
  9 green draconians
  Nessos (Lair:4)
  13 white draconians
  13 black draconians
  10 spark wasps
  9 red draconians
  20 purple draconians
  6 eidola
  11 yellow draconians
  2 blizzard demons
  2 pearl dragon zombies (Crypt:2)
  15 ettins
  6 deep elf death magi
  9 statues (WizLab)
  9 deep elf high priests (Elf:3)
  10 merfolk impalers
  6 fire dragons
  6 merfolk javelineers (Shoals:4)
  Josephine (D:12)
  6 entropy weavers
  6 yaktaur captains
  6 great orbs of eyes
  Fannar (Lair:1)
  2 green deaths
  A quicksilver dragon zombie (Abyss:3)
  16 jiangshi
  A hydra (shapeshifter) (Crypt:3)
  3 spriggan zombies
  5 hydras
  4 vault guards
  2 ogre magi
  5 rakshasas
  10 ironbound frosthearts
  14 ice dragons
  2 merfolk avatars
  3 spriggan air magi
  8 merfolk aquamancers (Shoals:4)
  9 two-headed ogres
  2 catoblepae
  4 death knights
  Erica (Lair:2)
  6 centaur warriors
  23 dancing weapons
  6 jorogumos
  13 boulder beetles
  A quicksilver ooze zombie (Crypt:1)
  9 death yaks
  3 deep troll shamans
  An Orb Guardian skeleton (Crypt:1)
  7 demonic crawlers
  19 vampire magi
  15 hell hogs
  6 orc high priests
  A naga warrior (Abyss:3)
  4 tengu warriors
  9 deep troll earth magi
  A sun demon (Depths:1)
  2 spriggan berserkers (Depths:4)
  2 titan zombies (Crypt:3)
  2 hell knights
  2 thrashing horrors (Abyss:3)
  Sonja (Orc:2)
  7 deep elf knights
  3 storm dragon zombies (Crypt:3)
  A titan skeleton (Crypt:2)
  7 soul eaters
  5 wretched stars
  10 iron trolls
  5 shadow wraiths
  5 skysharks
  2 sun moths
  A bunyip zombie (Crypt:2)
  10 sea snakes
  5 pharaoh ants
  A sixfirhy (Lair:5)
  31 skeletal warriors
  72 deep trolls
  12 orb spiders
  2 anaconda zombies
  2 cherubim (Shoals:4)
  10 flayed ghosts
  A ghost moth zombie (Crypt:1)
  3 salamander mystics (Volcano)
  3 golden dragon zombies (Crypt:3)
  A goliath frog (Crypt:3)
  4 glowing orange brains
  2 shadow demons
  12 deep elf archers
  6 bog bodies
  10 wizards
  14 starcursed masses
  14 phantasmal warriors
  A spectral iron dragon (Crypt:1)
  An orange crystal statue (IceCv)
  31 harpies
  2 necromancers
  22 deep elf zephyrmancers
  6 steelbarb worms
  11 ironbound convokers
  11 lindwurms
  23 deep elf pyromancers
  Pikel (D:5)
  A stone giant zombie (Crypt:3)
  46 ugly things
  An orc sorcerer (Orc:1)
  3 fauns (Shoals:3)
  2 tengu skeletons (Vaults:2)
  10 orc knights
  19 cyclopes
  A goliath frog skeleton (Crypt:3)
  2 salamanders
  18 wolf spiders
  10 manticores
  A shining eye (Abyss:3)
  2 dire elephant zombies
  4 merfolk sirens
  31 moths of wrath
  13 vault sentinels
  A guardian serpent (Abyss:3)
  A rust devil (Depths:2)
  An orc zombie (Crypt:1)
  3 stone giant skeletons (Vaults:2)
  2 centaur zombies
  A frost giant skeleton (Vaults:2)
  Joseph (D:8)
  5 black mambas
  4 molten gargoyles
  3 apis skeletons (Crypt:2)
  3 cane toads
  5 smoke demons
  2 apocalypse crabs (Abyss:3)
  3 fire giant skeletons
  16 elephants
  9 gargoyles
  2 orange demons
  4 water nymphs
  2 alligator snapping turtle zombies
  7 torpor snails
  A death yak zombie (Crypt:3)
  A dire elephant skeleton (Crypt:2)
  23 yaktaurs
  Maggie (D:6)
  21 rime drakes
  2 efreet
  7 freezing wraiths
  17 komodo dragons
  2 unseen horrors
  17 tengu conjurers (WizLab)
  2 anaconda simulacra
  A death yak skeleton (Crypt:2)
  5 ice devils
  5 red devils
  A harpy zombie (Crypt:3)
  2 human skeletons (Vaults:2)
  2 ancient zymes
  4 trolls
  A troll (shapeshifter) (D:12)
  2 meliai (shapeshifter)
  3 wind drakes (Shoals:4)
  2 hellwings (Depths:1)
  25 tarantellas
  14 polar bears
  10 hornets
  17 merfolk
  A moth of wrath zombie (Crypt:3)
  8 raiju (Abyss:3)
  Prince Ribbit (D:6)
  25 blink frogs
  An ettin zombie (Crypt:1)
  11 dream sheep
  21 jumping spiders
  6 air elementals
  10 flying skulls
  20 slime creatures
  A centaur simulacrum (Abyss:2)
  5 spriggans
  8 large abominations
  24 culicivoras
  7 snapping turtles
  14 water elementals
  12 wraiths
  2 shadows
  19 vampires
  40 yaks
  6 hogs (Shoals:1)
  3 ynoxinuls (Abyss:3)
  3 wyverns
  A human (shapeshifter) (Elf:1)
  A neqoxec (Depths:1)
  A fire bat (Abyss:3)
  5 basilisks
  An ettin skeleton (Vaults:2)
  2 wargs
  A chaos spawn (Crypt:3)
  70 redbacks
  2 fire elementals
  11 vampire mosquitoes
  A naga (Abyss:3)
  A skyshark zombie (Crypt:1)
  3 acid dragons
  3 glowing shapeshifter skeletons (Vaults:2)
  22 water moccasins
  A two-headed ogre zombie (Crypt:1)
  5 hell hounds (Lair:5)
  An ogre skeleton (Vaults:2)
  A floating eye (Depths:1)
  A black bear (shapeshifter) (Depths:4)
  4 black bears
  A sky beast (D:6)
  5 ice beasts
  36 orc warriors
  A dream sheep skeleton (Crypt:3)
  10 ogres
  2 boggarts
  7 wolves
  11 centaurs
  A lemure (D:5)
  A phantom (Crypt:3)
  A kobold brigand (D:5)
  8 bullfrogs
  A two-headed ogre simulacrum (D:11)
  7 necrophages
  A draconian skeleton (Crypt:3)
  2 gnoll sergeants
  4 scorpions
  A cane toad simulacrum (D:11)
  4 earth elementals
  14 wights
  5 small abominations
  A raiju zombie (Crypt:3)
  12 killer bees
  2 polar bear skeletons
  4 electric eels
  8 howler monkeys
  A lava snake (D:13)
  3 hounds
  2 jellies
  2 gnoll boudas
  29 orc priests
  5 iguanas
  A basilisk skeleton (Crypt:2)
  3 sleepcaps
  A hell rat (Crypt:3)
  18 orc wizards
  A spriggan simulacrum (D:11)
  2 wolf simulacra (D:11)
  A deep dwarf zombie (Crypt:3)
  An acid dragon skeleton (Crypt:1)
  A deep dwarf skeleton (Crypt:1)
  18 gnolls
  A steam dragon zombie (Crypt:3)
  9 adders
  A shadow imp (D:6)
  3 white imps
  2 ufetubi
  3 worms
  2 dart slugs (D:1)
  81 orcs
  An orc (shapeshifter) (Depths:3)
  6 ball pythons
  6 endoplasms
  A giant cockroach (Crypt:3)
  4 goblins
  5 hobgoblins
  4 jackals (D:4)
  12 kobolds
  3 quokkas
  8 bats
  2 frilled lizards (D:1)
  A frilled lizard skeleton (Crypt:1)
  A frilled lizard zombie (Crypt:2)
  A hobgoblin skeleton (Crypt:2)
  A quokka zombie (Crypt:2)
  5 rats
  9 starspawn tentacles
  5 tentacles
2351 creatures vanquished.

Vanquished Creatures (collateral kills)
  Agnes (Spider:2)
  A jorogumo (Spider:2)
2 creatures vanquished.

Vanquished Creatures (others)
  An eidolon (Crypt:2)
  A deep elf knight (Elf:2)
  A deep elf zephyrmancer (Elf:1)
  An apis skeleton (Crypt:2)
  A molten gargoyle (Volcano)
  A tengu conjurer (WizLab)
  A lurking horror (Abyss:3)
  21 starspawn tentacles (Abyss:3)
  6 tentacles
34 creatures vanquished.

Grand Total: 2387 creatures vanquished

Notes
Turn   | Place    | Note
-------+----------+-------------------------------------------
     0 | D:1      | ragingrage the Vine Stalker Brigand began the quest for the
                  | Orb.
     0 | D:1      | Reached XP level 1. HP: 11/11 MP: 2/2
   199 | D:1      | Reached XP level 2. HP: 15/15 MP: 3/3
   258 | D:1      | Reached XP level 3. HP: 5/18 MP: 0/4
   910 | D:2      | Reached XP level 4. HP: 23/23 MP: 5/5
  1716 | D:3      | Identified the +9 dagger of the Magi {venom, rElec rN+
                  | Dex+3}
  2400 | D:4      | Reached XP level 5. HP: 25/26 MP: 4/6
  2422 | D:4      | Found a blossoming altar of Fedhas.
  2497 | D:4      | Found a stormy altar of Qazlal.
  2584 | D:4      | Reached skill level 5 in Short Blades
  2639 | D:4      | Found a broken altar of Ashenzari.
  2685 | D:4      | Found an ancient bone altar of Kikubaaqudgha.
  2732 | D:4      | Identified the amulet "Osaezir" {Regen+ Stlth+}
  2752 | D:4      | Reached XP level 6. HP: 30/30 MP: 4/7
  2808 | D:4      | Found an iron altar of Okawaru.
  2932 | D:5      | Entered Level 5 of the Dungeon
  2936 | D:5      | Noticed a vampire mosquito
  2944 | D:5      | Killed a vampire mosquito
  3022 | D:5      | Reached XP level 7. HP: 34/34 MP: 6/8
  3116 | D:5      | Found a sparkling altar of Nemelex Xobeh.
  3302 | D:5      | Found a shimmering altar of Xom.
  3362 | D:5      | Noticed Pikel
  3417 | D:5      | Killed Pikel
  3418 | D:5      | Gained mutation: You have razor-sharp teeth. [Vine Stalker
                  | growth]
  3418 | D:5      | Reached XP level 8. HP: 22/38 MP: 1/9
  4126 | D:6      | Found a bloodstained altar of Trog.
  4215 | D:6      | Found a glowing golden altar of the Shining One.
  4218 | D:6      | Reached skill level 10 in Short Blades
  4218 | D:6      | Noticed an angel
  4238 | D:6      | Found a basalt altar of Yredelemnul.
  4240 | D:6      | Noticed a profane servitor
  4279 | D:6      | Reached skill level 1 in Dodging
  4279 | D:6      | Reached skill level 5 in Stealth
  4279 | D:6      | Reached skill level 1 in Evocations
  4335 | D:6      | Noticed Prince Ribbit
  4345 | D:6      | Killed Prince Ribbit
  4346 | D:6      | Reached XP level 9. HP: 43/43 MP: 10/10
  4395 | D:6      | Noticed Maggie
  4407 | D:6      | Killed Maggie
  4922 | D:7      | Found a staircase to the Ecumenical Temple.
  4975 | D:7      | Reached skill level 5 in Fighting
  5022 | D:7      | Reached XP level 10. HP: 51/51 MP: 11/11
  5031 | Temple   | Entered the Ecumenical Temple
  5045 | Temple   | Became a worshipper of Uskayaw the Reveller
  5134 | D:7      | Reached * piety under Uskayaw
  5138 | D:7      | Reached ** piety under Uskayaw
  5213 | D:7      | Found a burning altar of Makhleb.
  5392 | D:7      | Found a runed translucent gate.
  5392 | D:7      | Found a runed translucent gate.
  5392 | D:7      | Found a runed translucent gate.
  5392 | D:7      | Noticed pokeman's ghost (novice DEHW)
  5434 | D:8      | Noticed Joseph
  5451 | D:8      | Reached *** piety under Uskayaw
  5452 | D:8      | Killed Joseph
  5453 | D:8      | Reached skill level 5 in Dodging
  5522 | D:8      | You fall into a shaft and drop 1 floor!
  5541 | D:9      | Reached **** piety under Uskayaw
  5554 | D:9      | Reached ***** piety under Uskayaw
  5619 | D:9      | Noticed a two-headed ogre
  5629 | D:9      | Killed a two-headed ogre
  6117 | D:8      | Reached ****** piety under Uskayaw
  6512 | D:9      | Noticed a two-headed ogre
  6524 | D:9      | Killed a two-headed ogre
  7122 | D:10     | Entered Level 10 of the Dungeon
  7135 | D:9      | Reached XP level 11. HP: 60/60 MP: 12/12
  7492 | D:10     | Found a staircase to the Lair.
  7957 | D:11     | Noticed a two-headed ogre
  7969 | D:11     | Killed a two-headed ogre
  8053 | D:11     | Noticed a two-headed ogre
  8063 | D:11     | Killed a two-headed ogre
  8071 | D:11     | Noticed a boulder beetle
  8088 | D:11     | Killed a boulder beetle
  8211 | D:11     | Found a staircase to the Orcish Mines.
  8429 | D:11     | Noticed a death yak
  8429 | D:11     | Noticed a bog body
  8463 | D:11     | Killed a death yak
  8464 | D:11     | Reached skill level 10 in Fighting
  8466 | D:11     | Reached skill level 1 in Invocations
  8466 | D:11     | Reached XP level 12. HP: 57/67 MP: 13/13
  8808 | D:12     | Noticed a boulder beetle
  8827 | D:12     | Killed a boulder beetle
  8872 | D:12     | Found a hazy altar of Hepliaklqana.
  9281 | D:12     | Noticed a two-headed ogre
  9288 | D:12     | Killed a two-headed ogre
  9575 | Lair:1   | Entered Level 1 of the Lair of Beasts
  9839 | Lair:1   | Reached skill level 1 in Shields
 10010 | Lair:1   | Noticed Fannar
 10041 | Lair:1   | Killed Fannar
 10080 | Lair:1   | Reached skill level 10 in Dodging
 10080 | Lair:1   | Reached skill level 5 in Invocations
 10091 | Lair:1   | Reached XP level 13. HP: 66/74 MP: 13/18
 10829 | Lair:2   | Noticed Erica
 10836 | Lair:2   | Killed Erica
 11236 | Lair:2   | Found a hole to the Spider Nest.
 11411 | Lair:3   | Reached skill level 5 in Shields
 11450 | Lair:3   | Found a staircase to the Shoals.
 11589 | Lair:3   | Identified the ring of Ceut {rElec rC+ rN+ Str-2 Dex+3}
 11605 | Lair:3   | Found a dark tunnel.
 11642 | Volcano  | Entered a volcano
 11788 | Volcano  | Reached XP level 14. HP: 47/79 MP: 15/21
 12137 | Volcano  | Noticed an orb of fire
 12140 | Volcano  | Noticed an orb of fire
 13092 | Lair:4   | Reached skill level 10 in Invocations
 13120 | Lair:4   | Noticed Rupert
 13316 | Lair:4   | Noticed Nessos
 13323 | Lair:4   | Killed Nessos
 13324 | Lair:4   | Reached skill level 5 in Evocations
 13833 | Lair:5   | Entered Level 5 of the Lair of Beasts
 14122 | Lair:5   | Found a burning altar of Makhleb.
 14239 | Lair:5   | Reached XP level 15. HP: 82/82 MP: 24/24
 14386 | Lair:5   | Found a viscous altar of Jiyva.
 14392 | Lair:5   | Found a staircase to the Slime Pits.
 15288 | Lair:5   | Found a gateway to Hell.
 15295 | Lair:5   | Identified the ring of Xom's Amusement {rPois rCorr AC+4
                  | Stlth-}
 15509 | Orc:1    | Entered Level 1 of the Orcish Mines
 15857 | Orc:2    | Entered Level 2 of the Orcish Mines
 15857 | Orc:2    | Noticed Donald
 15859 | Orc:2    | Killed Donald
 16032 | Orc:2    | Noticed Sonja
 16040 | Orc:2    | Killed Sonja
 16145 | Orc:2    | Found a staircase to the Elven Halls.
 16861 | Orc:2    | Found Jyeh's Distillery.
 16861 | Orc:2    | Found Dudouhi's Armour Shop.
 16869 | Orc:2    | Found Ozoofoew's Jewellery Shop.
 16869 | Orc:2    | Found Viyredu's Weapon Boutique.
 16879 | Orc:2    | Bought a potion of cancellation for 88 gold pieces
 16879 | Orc:2    | Bought a potion of degeneration for 11 gold pieces
 16880 | Orc:2    | Bought a potion of attraction for 33 gold pieces
 16884 | Orc:2    | Bought the +0 pair of fencer's gloves {Riposte Dex+3} for
                  | 680 gold pieces
 16884 | Orc:2    | Found the +0 pair of fencer's gloves {Riposte Dex+3}
 17097 | D:13     | Found a blossoming altar of Fedhas.
 17158 | D:13     | Found Omozil's Distillery.
 17200 | D:12     | Noticed Josephine
 17212 | D:12     | Killed Josephine
 17270 | D:12     | Noticed a sphinx
 17370 | D:12     | Killed a sphinx
 17374 | D:12     | Reached XP level 16. HP: 77/87 MP: 21/26
 17617 | D:13     | Bought a potion of resistance for 140 gold pieces
 17617 | D:13     | Bought a potion of enlightenment for 70 gold pieces
 17738 | D:13     | Found a gate to the Vaults.
 18204 | D:14     | Noticed Roxanne
 18695 | D:15     | Entered Level 15 of the Dungeon
 19462 | D:15     | Found a staircase to the Depths.
 19923 | Spider:1 | Entered Level 1 of the Spider Nest
 20393 | Spider:2 | Reached XP level 17. HP: 54/93 MP: 21/29
 20491 | Spider:2 | Reached skill level 15 in Invocations
 20663 | Spider:2 | Reached skill level 1 in Armour
 20854 | Spider:2 | Noticed Agnes
 20860 | Spider:2 | Killed Agnes
 21990 | Spider:3 | Reached skill level 15 in Dodging
 22088 | Spider:3 | Noticed Mara
 22137 | Spider:3 | Killed Mara
 22138 | Spider:3 | Reached skill level 5 in Armour
 22955 | Spider:4 | Entered Level 4 of the Spider Nest
 22955 | Spider:4 | Noticed Louise
 22971 | Spider:4 | Killed Louise
 23040 | Spider:4 | Reached skill level 5 in Long Blades
 23284 | Spider:4 | Reached XP level 18. HP: 81/98 MP: 30/30
 24545 | Spider:4 | Identified the +1 pair of gloves "Sedd" {Will+ rCorr}
 24586 | Spider:4 | Got a gossamer rune of Zot
 24943 | Elf:1    | Entered Level 1 of the Elven Halls
 24955 | Elf:1    | Noticed Aizul
 24973 | Elf:1    | Killed Aizul
 25009 | Elf:1    | Reached skill level 10 in Long Blades
 25064 | Elf:1    | Found the +2 Maxwell's thermic engine {flame, freeze, rev}
 25136 | Elf:1    | Found Qirghec's Book Boutique.
 25467 | Elf:1    | Got the Folio of Friendly Bombardment
 26632 | Elf:2    | Reached XP level 19. HP: 91/102 MP: 26/31
 26758 | Elf:2    | Found Kuzotoeb's Book Emporium.
 26793 | Elf:2    | Found a runed translucent door.
 26823 | Elf:2    | Found a runed translucent door.
 27031 | Elf:3    | Entered Level 3 of the Elven Halls
 29448 | Abyss:2  | Cast into level 2 of the Abyss (a deep elf sorcerer)
 29509 | Abyss:2  | Found an opulent altar of Gozag.
 29632 | Abyss:3  | Found a corrupted altar of Lugonu.
 29680 | Elf:3    | Escaped the Abyss
 29999 | Elf:3    | Identified the +4 glaive of Pestilence {venom, rCorr}
 30067 | Elf:3    | Identified the amulet "Ryenutell" {Faith *Corrode Will+
                  | Dex+7}
 30170 | Elf:3    | Noticed Saint Roka
 30187 | Elf:3    | Killed Saint Roka
 30189 | Elf:3    | Identified the +7 mace "Isiupru" {speed, Drain rElec Int-3
                  | Dex+8}
 30298 | Elf:3    | Got Cigotuvi's Monograph on Transmuted Open Graves
 30323 | Elf:3    | Identified the +2 helmet "Naadghox" {rElec rN+++ Will-
                  | Dex-5}
 30378 | Elf:3    | Got Sede's Compilation of Exothermic Maleficia
 30383 | Elf:3    | Identified the +8 scale mail of Irad {rN++ Str-2}
 30499 | Elf:3    | Identified the +1 pair of boots "Wepayph" {rPois}
 30849 | Shoals:1 | Entered Level 1 of the Shoals
 30901 | Shoals:1 | Found a runed translucent gate.
 30901 | Shoals:1 | Found a runed translucent gate.
 30901 | Shoals:1 | Found a runed translucent gate.
 30903 | Shoals:1 | Noticed Unonal's ghost (adept TeAE)
 30903 | Shoals:1 | Noticed Godd's ghost (adept MfSh)
 30904 | Shoals:1 | Noticed Godd's ghost (adept MfSh)
 30904 | Shoals:1 | Noticed Onluw's ghost (adept DsWn)
 30930 | Shoals:1 | Killed Onluw's ghost
 30931 | Shoals:1 | Killed Unonal's ghost
 30931 | Shoals:1 | Killed Godd's ghost
 30948 | Shoals:1 | Killed Godd's ghost
 30952 | Shoals:1 | Identified the amulet "Xuises" {RegenMP Harm rF+ Regen+
                  | Str-4}
 31192 | Shoals:1 | Reached XP level 20. HP: 107/107 MP: 32/32
 31254 | Shoals:1 | Reached skill level 5 in Throwing
 31330 | Shoals:1 | Noticed Kirke
 31345 | Shoals:1 | Killed Kirke
 31546 | Shoals:2 | Found a frozen archway.
 31568 | IceCv    | Entered an ice cave
 31578 | IceCv    | Reached skill level 10 in Shields
 33439 | Shoals:3 | Identified the +8 sling of Equivalence {elec, rN++}
 33764 | Shoals:4 | Entered Level 4 of the Shoals
 33782 | Shoals:4 | Noticed Bai Suzhen
 33814 | Shoals:3 | Killed Bai Suzhen
 33957 | Shoals:4 | Found a white marble altar of Elyvilon.
 34003 | Shoals:4 | Identified the amulet of Makhleb's Generosity {Reflect
                  | rElec rF+ Will++ MP-9 SH+5}
 34023 | Shoals:4 | Identified the staff "Imp's Nightmare" {rElec Stlth+ Air}
 34145 | Shoals:4 | Got a barnacled rune of Zot
 34384 | Shoals:4 | Found a glowing golden altar of the Shining One.
 34403 | Shoals:4 | Reached XP level 21. HP: 100/111 MP: 31/33
 34439 | Shoals:4 | Got the Directory of the Lumpy Deaths
 34531 | Shoals:4 | Found a glowing silver altar of Zin.
 34905 | Vaults:1 | Entered Level 1 of the Vaults
 34949 | Vaults:1 | Reached skill level 15 in Shields
 35384 | Vaults:1 | Reached skill level 10 in Evocations
 35814 | Vaults:1 | Identified the +0 scale mail of Crawling {Int+3}
 36555 | Vaults:2 | Identified the +6 scimitar of Indignation {elec, rF+ Str+2
                  | Int+3}
 36623 | Vaults:2 | Found a staircase to the Crypt.
 36659 | Vaults:2 | Reached XP level 22. HP: 110/115 MP: 32/35
 39826 | Depths:1 | Entered Level 1 of the Depths
 39929 | Depths:1 | Found a magical portal.
 39938 | WizLab   | Entered Iskenderun's Mystic Tower
 40667 | WizLab   | Reached XP level 23. HP: 119/119 MP: 36/36
 40940 | WizLab   | Got Iskenderun's Directory of Outbursts
 40940 | WizLab   | Got Iskenderun's Elucidation of Conjuring
 41242 | Depths:1 | Found Zenk's Jewellery Shop.
 41242 | Depths:1 | Found Babliyma's Book Shoppe.
 41244 | Depths:1 | Found Ygiriqoh's Book Shoppe.
 41255 | Depths:1 | Bought a book of the Warp for 714 gold pieces
 41368 | Depths:1 | Found a one-way gate leading to the halls of Pandemonium.
 41493 | Depths:1 | Learned a level 4 spell: Manifold Assault
 41495 | Depths:1 | Learned a level 1 spell: Apportation
 41677 | Depths:1 | Found a glowing silver altar of Zin.
 41680 | Depths:1 | Found a white marble altar of Elyvilon.
 41683 | Depths:1 | Found a glowing golden altar of the Shining One.
 41826 | Depths:1 | Found an opulent altar of Gozag.
 42030 | Depths:2 | Noticed Asterion
 42040 | Depths:2 | Killed Asterion
 42196 | Depths:2 | Noticed the Enchantress
 42266 | Depths:2 | Killed the Enchantress
 42899 | Depths:2 | Noticed a juggernaut
 42908 | Depths:2 | Killed a juggernaut
 43185 | Depths:3 | Found a one-way gate to the infinite horrors of the Abyss.
 43252 | Depths:3 | Noticed Boris
 43254 | Depths:3 | Noticed Norris
 43265 | Depths:3 | Killed Boris
 43272 | Depths:3 | Killed Norris
 43289 | Depths:3 | Found a one-way gateway to a ziggurat.
 43968 | Depths:3 | Noticed a juggernaut
 43978 | Depths:3 | Killed a juggernaut
 44097 | Depths:3 | You fall into a shaft and drop 1 floor!
 44097 | Depths:4 | Entered Level 4 of the Depths
 44276 | Depths:4 | Noticed Boris
 44569 | Depths:3 | Found a sacrificial altar of Ru.
 44648 | Depths:4 | Reached XP level 24. HP: 104/130 MP: 32/36
 44818 | Depths:4 | Reached skill level 15 in Fighting
 45081 | Depths:4 | Found a gate to the Realm of Zot.
 45362 | Depths:4 | Found a white marble altar of Elyvilon.
 45504 | Depths:4 | Killed Boris
 45817 | Depths:4 | Voluntarily entered the Abyss.
 45818 | Abyss:3  | Found a corrupted altar of Lugonu.
 45847 | Abyss:3  | Found a corrupted altar of Lugonu.
 45871 | Abyss:3  | Found a corrupted altar of Lugonu.
 46155 | Abyss:3  | Reached skill level 10 in Throwing
 46214 | Abyss:3  | Got an abyssal rune of Zot
 46397 | Depths:4 | Escaped the Abyss
 46510 | Zot:1    | Entered Level 1 of the Realm of Zot
 47908 | Zot:2    | Reached XP level 25. HP: 135/135 MP: 37/37
 47909 | Zot:2    | Reached skill level 10 in Armour
 48599 | Zot:2    | Reached skill level 10 in Stealth
 48832 | Zot:3    | Noticed a Killer Klown
 48844 | Zot:3    | Killed a Killer Klown
 50416 | Zot:5    | Entered Level 5 of the Realm of Zot
 50450 | Zot:5    | Identified the +0 robe of the Sky {rF- Str+8 Int+3}
 51531 | Crypt:1  | Entered Level 1 of the Crypt
 51639 | Crypt:1  | Noticed Sojobo
 51656 | Crypt:1  | Killed Sojobo
 51822 | Crypt:1  | Reached XP level 26. HP: 132/140 MP: 35/37
 51902 | Crypt:1  | Got Sif Muna's Spellbook of Resurrection
 52059 | Crypt:1  | Found an ancient bone altar of Kikubaaqudgha.
 52198 | Crypt:1  | Noticed Grunn
 52209 | Crypt:1  | Killed Grunn
 52768 | Crypt:2  | Found a basalt altar of Yredelemnul.
 52993 | Crypt:2  | Noticed Boris
 53006 | Crypt:2  | Killed Boris
 53460 | Crypt:3  | Entered Level 3 of the Crypt
 53554 | Crypt:3  | Found a runed translucent gate.
 53554 | Crypt:3  | Found a runed translucent gate.
 53554 | Crypt:3  | Found a runed translucent gate.
 53606 | Crypt:3  | Identified a scroll of acquirement
 53637 | Crypt:3  | Acquired a manual of Stealth
 53842 | Crypt:3  | Found a staircase to the Tomb.
 53915 | Crypt:3  | Identified the ring of Propriety {rF+ rC+ Dex+5}
 53930 | Crypt:3  | Noticed Jory
 53941 | Crypt:3  | Killed Jory
 54037 | Crypt:3  | Identified the +12 falchion of Terror {flame, Int+2}
 54410 | Crypt:3  | Reached XP level 27. HP: 142/144 MP: 37/37
 54538 | Crypt:3  | Identified the +12 mace "Xyhiu" {vamp, *Slow rElec rN++
                  | rCorr}
 54538 | Crypt:3  | Identified the ring "Hotohal" {rN+ Dex+3}
 54547 | Crypt:3  | Identified the amulet "Genaplew" {+Inv rC- Regen+ rCorr
                  | Slay+6}
 54547 | Crypt:3  | Identified the ring "Ehuikor" {rF- rN+ Str+5 Dex+4 SInv}
 55321 | Zot:5    | Reached skill level 15 in Stealth
 55611 | Zot:5    | Noticed a dread lich
 55622 | Zot:5    | Killed a dread lich
 55650 | Zot:5    | Noticed an ancient lich
 55777 | Zot:5    | Killed an ancient lich
 55950 | Zot:5    | Identified the +5 morningstar "Xetet" {elec, *Noise Fly rC+
                  | Stlth+}
 56048 | Zot:5    | Noticed an orb of fire
 56053 | Zot:5    | Gained mutation: Your magical capacity is low. (-10% MP)
                  | [an orb of fire]
 56397 | Zot:5    | Noticed an ancient lich
 56402 | Zot:5    | Noticed a dread lich
 56406 | Zot:5    | Killed an ancient lich
 56417 | Zot:5    | Paralysed by a Zot trap for 3 turns
 56426 | Zot:5    | Noticed an orb of fire
 56427 | Zot:5    | Noticed a dread lich
 56829 | Zot:5    | Killed a dread lich
 57696 | Zot:5    | Noticed a dread lich
 57706 | Zot:5    | Killed a dread lich
 58387 | Zot:5    | Killed an orb of fire
 58401 | Zot:5    | Killed a dread lich
 58411 | Zot:5    | Gained mutation: You are weak. (Str -2) [an orb of fire]
 58412 | Zot:5    | Killed an orb of fire
 58589 | Zot:5    | Got the Orb of Zot
 58614 | Zot:5    | Gained mutation: You are partially covered in large bone
                  | plates. (SH +4) [mutagenic glow]
 58622 | Zot:5    | Gained mutation: You occasionally lose the ability to read
                  | scrolls when taking damage. [mutagenic glow]
 58647 | Zot:4    | Gained mutation: You are very weak. (Str -4) [mutagenic
                  | glow]
 58682 | Zot:3    | Lost mutation: You occasionally lose the ability to read
                  | scrolls when taking damage. [potion of mutation]
 58682 | Zot:3    | Lost mutation: Your magical capacity is low. (-10% MP)
                  | [potion of mutation]
 58682 | Zot:3    | Lost mutation: You are partially covered in large bone
                  | plates. (SH +4) [potion of mutation]
 58682 | Zot:3    | Gained mutation: Your mind is acute. (Int +4, Str/Dex -1)
                  | [potion of mutation]
 58682 | Zot:3    | Gained mutation: You occasionally shout uncontrollably at
                  | your foes. [potion of mutation]
 58682 | Zot:3    | Gained mutation: Your spells are a little easier to cast,
                  | but a little less powerful. [potion of mutation]
 58682 | Zot:3    | Gained mutation: You are strong-willed. (Will+) [potion of
                  | mutation]
 58817 | Depths:3 | Noticed Zaoc the pandemonium lord
 58920 | Depths:4 | Noticed Uculu Liz the pandemonium lord
 58935 | Depths:3 | Noticed Veoss the pandemonium lord
 59327 | D:$      | Escaped with the Orb!

Illustrated notes

Levels and vault maps discovered:
D:1:      dpeg_arrival_lava_temple_mockup, layout_loops_ring
D:2:      minmay_door_path, layout_rooms, serial_aquarium,
          aquarium_bridge_straight [aquarium_subvault_bridge,
          aquarium_subvault_wall, aquarium_subvault_bridge,
          aquarium_subvault_window], aquarium_window_1, aquarium_window_2,
          aquarium_view_2a, aquarium_balcony_double_1
D:3:      layout_basic, grunt_ministairs_4
D:4:      layout_basic, kennysheep_little_box, nicolae_qazlal_eye_of_the_storm,
          mainiacjoe_overflow_alcove_1, evilmike_ruin_ashenzari,
          mainiacjoe_overflow_24_doors, dreamdust_princess_corridor
D:5:      layout_basic, nemelex_xobeh_ov_fountains_minmay, lemuel_round_altar,
          minmay_chambers_of_fives, uniq_pikel
D:6:      layout_loops_ring, grunt_temple_overflow_holy_war,
          lemuel_doored_altar, minmay_misc_feat_ornament, uniq_maggie,
          uniq_prince_ribbit1
D:7:      layout_rooms, kennysheep_mini, minmay_temple_entry_glass,
          ebering_ghost_rock_garden
D:8:      layout_basic, uniq_joseph
D:9:      layout_basic
D:10:     layout_basic, hellmonk_lair_entry_icy
D:11:     dreamdust_isle_of_ice, layout_rooms, minmay_orc_entry_temple_small,
          nrook_pool_corridor
D:12:     minmay_klotski, layout_basic, hangedman_decor_opposing,
          worldfamousw_hep_ancestral_shrine, uniq_josephine
D:13:     layout_big_octagon, serial_column_ruins, column_ruins_grid_1,
          column_ruins_open_small, column_ruins_grid_1, column_ruins_grid_2,
          column_ruins_grid_1, column_ruins_open_tiny,
          column_ruins_columns_straight, serial_shops, shop, fedhas_altar_3
D:14:     layout_roguey, kennysheep_decorative_pillar, evilmike_butchery,
          uniq_roxanne
D:15:     grunt_enter_depths_hoard, layout_layer_cave, drop_trap
Temple:   nicolae_temple_bog_church
Lair:1:   layout_hall_layers, serial_bayou_pond_b, serial_bayou_shore_b,
          uniq_fannar
Lair:2:   layout_long_grid, spider_nest_entry_a, cheibrodos_lair_caveside_slide,
          chequers_serial_rivers_large_b, cheibrodos_lair_reptile_den,
          uniq_erica
Lair:3:   statuecave_lemuel, layout_loops_ring, shoals_dummy_entry,
          nicolae_volcano_entry_lava_flow, minmay_stone_trees_large
Lair:4:   layout_cellular_growth, roderic_batcave,
          eino_small_chamber_without_monster, uniq_nessos, uniq_rupert
Lair:5:   evil_forest, layout_layer_cave, dpeg_slime_entry_corner,
          nicolae_lair_lindhole, serial_bayou_shore_b,
          infiniplex_staircase_pool_2
Shoals:1: layout_shoals, gammafunk_ghost_cemetery, uniq_kirke
Shoals:2: layout_shoals, portal_ice_cave_entry_pillars_1, st_shoals_ruin
Shoals:3: dreamdust_from_the_deep, layout_shoals, yaktaur_hedge
Shoals:4: shoals_end_hellmonk_holy_island, uniq_bai_suzhen
Spider:1: layout_spider_delve
Spider:2: layout_chambers, hangedman_spider_tarantella_strand, uniq_agnes
Spider:3: layout_chambers, uniq_mara
Spider:4: spider_rune_water, drop_trap, uniq_louise
Orc:1:    layout_caves, basic_altar
Orc:2:    st_orc_pillars, layout_diamond_mine, david_defended_altar_orc,
          uniq_donald, uniq_sonja
Elf:1:    layout_loops_cross, serial_shops, nicolae_take_the_stairs,
          minmay_elf_sorcery, fountainhead, dk_noncrumbling_3,
          statue_in_the_mist_lemuel, minmay_checkered_concentric_circles,
          uniq_aizul
Elf:2:    nicolae_elf_blades_splatter_lattice
          [nicolae_blade_entry_splitting_headache], layout_gridlike,
          serial_shops, shop, einodemon_armed_red_devil_minivault
Elf:3:    nooodl_elf_gasket, layout_geoelf_octagon, uniq_saint_roka
Vaults:1: vaults_dpeg_hooks, nicolae_vaults_wine_cellar,
          nicolae_vaults_weapon_check, ontoclasm_vaults_idyll,
          vaults_dpeg_emergency_exit, nicolae_vaults_border_crossing,
          vaults_room_pool, nicolae_vaults_more_shelving_1,
          nicolae_vaults_alarming, ontoclasm_vaults_pinch,
          nicolae_vaults_sesquioval_fish, layout_vaults_omnigrid
Vaults:2: minmay_crypt_entry_skeletal_spiral, v_misc_5,
          nicolae_vaults_storage_closets_3, nicolae_vaults_sealed_display,
          nicolae_vaults_hallways_thing, v_misc_15, v_misc_13,
          vaults_room_door_ring, nicolae_vaults_quartermaster,
          nicolae_vaults_spaceships, nicolae_vaults_shrinking_rooms_1,
          hangedman_vaults_impose, vaults_room_corners, layout_vaults_maze
Vaults:3: nicolae_vaults_tetromino_L_2, nicolae_vaults_house_2,
          nicolae_vaults_trapezoid_lopsided_2, nicolae_vaults_wrenched,
          ontoclasm_vaults_hangar, grunt_vaults_funnel, ontoclasm_vaults_chip,
          v_misc_15, vaults_room_grunt_arrival_ludios, layout_vaults_big_room
Vaults:4: v_alt_pattern_6, ontoclasm_vaults_ring_large,
          nicolae_vaults_apartment_1, grunt_vaults_hallway_short,
          nicolae_vaults_network_periphery, hangedman_vaults_unwind,
          nicolae_vaults_lightning_bolt, nicolae_vaults_tetromino_Z_1,
          nicolae_vaults_big_angled_halls, vaults_room_corners,
          nicolae_vaults_tetromino_Z_1, layout_vaults_ring
Crypt:1:  layout_gridlike, special_room [special_room_morgue], basic_altar,
          small_chamber_with_monster, uniq_sojobo, uniq_grunn
Crypt:2:  layout_gridlike, st_stairs_1, hangedman_blasphemy, grunt_megastairs_3
Crypt:3:  due_elkab, layout_chaotic_city, pandoras_box_mu
Depths:1: layout_gridlike, grunt_gozag_breadcrumbs, rand_demon_pan_entry_9,
          infiniplex_enter_wizlab_spiral, grunt_hell_entry_dis_mu,
          hallowed_hall, minmay_shop_grove, serial_bayou_shore_b
Depths:2: hellmonk_crumbling_castle, layout_gridlike, minmay_splitting_lines,
          grunt_hell_horde, rand_demon_pan_entry_5, uniq_enchantress,
          uniq_asterion
Depths:3: minmay_bloctagon, layout_gridville, enter_ziggurat_e, hell_entry,
          abyss_entry, nicolae_ru_the_path_less_chosen, uniq_boris, uniq_norris
Depths:4: grunt_zot_entry_bicorn, layout_honeycomb, pan_entry,
          minmay_misc_feat_nine_boxes, hell_entry, hangedman_abyss_entry_splay,
          nicolae_elyvilon_temple_path
Zot:1:    layout_twisted_circle
Zot:2:    layout_misc_corridors
Zot:3:    layout_cellular_growth, lemuel_golem_globe
Zot:4:    layout_gridlike, bh_zot_ikea_curve
Zot:5:    layout_misc_corridors

Skill      XL: |  1  2  3  4  5  6  7  8  9 10 11 12 13 14 15 16 17 18 19 20 21 22 23 24 25 26 27 |
---------------+----------------------------------------------------------------------------------+-----
Short Blades   | 2 3 4 5 6 8 10 | 10.0
Fighting       | 2 5 8 10 11 12 14 15 | 15.0
Dodging        | 1 4 7 9 10 11 12 13 14 15 17 18 20 | 20.0
Stealth        | 5 8 9 12 14 20 | 20.7
Evocations     | 1 3 5 9 11 12 14 | 14.0
Invocations    | 1 5 8 10 13 14 15 16 17 18 | 18.0
Shields        | 2 6 9 14 15 16 18 | 18.0
Armour         | 5 9 11 12 13 | 13.2
Long Blades    | 6 12 14 | 14.8
Throwing       | 4 6 8 10 11 12 14 | 14.0

Action                     |  1- 3 |  4- 6 |  7- 9 | 10-12 | 13-15 | 16-18 | 19-21 | 22-24 | 25-27 || total
---------------------------+-------+-------+-------+-------+-------+-------+-------+-------+-------++-------
  Melee: Dagger            |    63 |    94 |   193 |   570 |  1285 |  1077 |     3 |     4 |     7 ||  3296
         Bite              |    15 |    24 |    54 |   239 |   615 |   763 |   611 |   906 |   843 ||  4070
         Punch             |     2 |       |     2 |     8 |       |       |       |       |       ||    12
         Demon blade       |       |       |       |       |       |   228 |  1137 |  1297 |   602 ||  3264
         Double sword      |       |       |       |       |       |       |       |       |   533 ||   533
  Throw: Dart              |       |       |       |     7 |     8 |    18 |    28 |     3 |     6 ||    70
         Javelin           |       |       |       |       |       |       |       |       |    12 ||    12
 Invoke: Grand Finale      |       |       |       |       |       |     1 |       |       |       ||     1
  Evoke: Wand              |       |       |       |     4 |     4 |     5 |     1 |       |     7 ||    21
         Phantom mirror    |       |       |       |       |       |     1 |     1 |       |     1 ||     3
         Tin of tremorston |       |       |       |       |       |       |       |     2 |       ||     2
         Sack of spiders   |       |       |       |       |       |       |       |     1 |     1 ||     2
    Use: Scroll            |       |       |    13 |     5 |     6 |    13 |     4 |     3 |    11 ||    55
         Potion            |       |       |       |       |     1 |     2 |       |       |     5 ||     8
   Stab: Sleeping          |     1 |    11 |     9 |    11 |    29 |    20 |    14 |    10 |    12 ||   117
         Distracted        |       |     2 |       |     2 |       |     5 |     6 |     7 |    15 ||    37
         Paralysed         |       |       |       |    25 |    91 |   106 |   141 |   188 |   158 ||   709
         Petrified         |       |       |       |       |     1 |       |       |       |       ||     1
 Armour: Robe              |    39 |    37 |    42 |       |       |       |       |       |       ||   118
         Steam dragon scal |       |       |    49 |   123 |       |       |       |       |       ||   172
         Acid dragon scale |       |       |       |    31 |   382 |   424 |    78 |       |       ||   915
         Troll leather arm |       |       |       |     4 |       |       |       |       |       ||     4
         Scale mail        |       |       |       |       |       |       |   317 |   467 |   418 ||  1202
  Dodge: Dodged            |    25 |    23 |   120 |   270 |   647 |   777 |   521 |   511 |   523 ||  3417
  Block: Buckler           |       |       |       |    11 |   343 |   439 |   431 |    72 |       ||  1296
         Kite shield       |       |       |       |       |       |       |       |   685 |   720 ||  1405
         Reflection        |       |       |       |       |       |       |       |    19 |     9 ||    28
Riposte: Dagger            |       |       |       |       |    28 |   269 |       |       |     3 ||   300
         Demon blade       |       |       |       |       |       |    35 |   223 |   329 |   162 ||   749
         Double sword      |       |       |       |       |       |       |       |       |   157 ||   157

Table legend: (Time is in decaauts)
 A = Elapsed time spent in this place.
 B = Non-inter-level travel time spent in this place.
 C = Inter-level travel time spent in this place.
 D = Time resting spent in this place.
 E = Time spent auto-exploring this place.
 F = Levels seen in this place.
 G = Mean time per level.
                   A        B        C        D        E       F      G
               +--------+--------+--------+--------+--------+-----+--------+
         Total |  57118 |  50920 |   6198 |   7653 |  30120 |  56 | 1020.0 |
       Dungeon |  12870 |  11130 |   1740 |    470 |   8563 |  15 |  858.0 |
        Temple |     28 |      1 |     27 |      0 |      0 |   1 |   28.0 |
          Lair |   5387 |   4687 |    700 |    152 |   3293 |   5 | 1077.4 |
        Shoals |   3689 |   3221 |    468 |    271 |   1882 |   4 |  922.2 |
   Spider Nest |   4510 |   4190 |    320 |    489 |   2625 |   4 | 1127.5 |
  Orcish Mines |   1509 |   1371 |    138 |     59 |    820 |   2 |  754.5 |
   Elven Halls |   5383 |   4954 |    429 |   2107 |   1699 |   3 | 1794.3 |
        Vaults |   4785 |   3821 |    964 |     84 |   2991 |   4 | 1196.2 |
         Crypt |   3138 |   2987 |    151 |     31 |   1971 |   3 | 1046.0 |
        Depths |   5432 |   4802 |    630 |    730 |   3022 |   4 | 1358.0 |
           Zot |   7494 |   6866 |    628 |   2610 |   2566 |   5 | 1498.8 |
         Abyss |    735 |    735 |      0 |     11 |     25 |   3 |  245.0 |
      Ice Cave |    546 |    546 |      0 |     33 |    296 |   1 |  546.0 |
       Volcano |    575 |    575 |      0 |    127 |    132 |   1 |  575.0 |
        Wizlab |   1030 |   1030 |      0 |    476 |    232 |   1 | 1030.0 |
               +--------+--------+--------+--------+--------+-----+--------+

Top non-repeatable levels by time:
   Elf:3: 3315 daAuts
   Zot:5: 3213 daAuts
Vaults:1: 1640 daAuts
Spider:4: 1578 daAuts
Depths:3: 1486 daAuts
Depths:4: 1466 daAuts
  Lair:5: 1428 daAuts
Spider:2: 1336 daAuts
Depths:2: 1318 daAuts
Vaults:2: 1297 daAuts
 Crypt:3: 1285 daAuts
   Zot:1: 1224 daAuts
Depths:1: 1160 daAuts
    D:12: 1155 daAuts
   Zot:4: 1153 daAuts
